 Dungeon Crawl Stone Soup version 0.26.0-7-g794d0892b4 (webtiles) character file.

Game seed: 2868557951050271962

85 jackrogers the Poker (level 4, 35/35 HPs)
             Began as a Merfolk Berserker on Jan 11, 2021.
             Was an Initiate of Okawaru.
             Quit the game on level 3 of the Dungeon.
             The game lasted 00:02:23 (2011 turns).

jackrogers the Poker (Merfolk Berserker)            Turns: 2011, Time: 00:02:24

Health: 35/35      AC:  3    Str: 18    XL:     4   Next: 48%
Magic:  4/4        EV: 13    Int:  6    God:    Okawaru [......]
Gold:   99         SH:  0    Dex: 13    Spells: 3/3 levels left

rFire    . . .     SeeInvis .   a - +0 spear
rCold    . . .     Faith    .   (no shield)
rNeg     . . .     Spirit   .   f - +0 leather armour
rPois    .         Reflect  .   (no helmet)
rElec    .         Harm     .   (no cloak)
rCorr    .         Rampage  .   (no gloves)
Will     .....                  (no boots)
Stlth    +.........             d - amulet of regeneration {+regen, !d}
HPRegen  0.51/turn              (no ring)
MPRegen  0.09/turn              (no ring)

@: no status effects
A: change form in water, swift swim, stealthy swim
a: Renounce Religion


You were on level 3 of the Dungeon.
You worshipped Okawaru.
Okawaru was noncommittal.
You visited 1 branch of the dungeon, and saw 3 of its levels.

You collected 99 gold pieces.

Inventory:

Hand Weapons
 a - a +0 spear (weapon)
Missiles
 c - 87 stones (quivered)
Armour
 b - a +0 animal skin
 f - a +0 leather armour (worn)
   (You found it on level 1 of the Dungeon)
Jewellery
 d - an amulet of regeneration (around neck) {+regen, !d}
   (You found it on level 1 of the Dungeon)
Scrolls
 e - a scroll of fear {unknown}
 h - a scroll of enchant weapon {unknown}
 i - 2 scrolls of identify
 j - 2 scrolls of remove curse {unknown}
 n - a scroll of teleportation {unknown}
 o - 4 scrolls of enchant armour {unknown}
Potions
 g - a potion of curing
 k - a potion of flight {unknown}
 l - a potion of haste {unknown}
 m - 2 potions of heal wounds {unknown}
 p - a potion of cancellation {unknown}


   Skills:
 - Level 3.2 Fighting
 * Level 6.6 Polearms
 - Level 1.3 Armour
 + Level 4.0 Dodging


You had 3 spell levels left.
You didn't know any spells.
Your spell library was empty.

Dungeon Overview and Level Annotations

Branches:
Dungeon (3/15)

Altars:
Dithmenos
Okawaru


Message History

There is a stone staircase leading up here.
c - 86 stones (gained 1)
c - 87 stones (gained 1)
Found a stone staircase leading up.
A jackal comes into view.
The jackal barks!
You hear an angry hiss.
A frilled lizard comes into view.
Found a scroll labelled WETEGIOSIT.
Found a shadowy altar of Dithmenos.
There are monsters nearby!
There are monsters nearby!
You hit the jackal but do no damage. The jackal barely misses you.
You hit the jackal.
The jackal bites you but does no damage.
You hit the jackal.
You kill the jackal!
Trog accepts your kill.
You throw a stone. The stone hits the frilled lizard.
You kill the frilled lizard!
Trog accepts your kill.
No target in view!
No target in view!
No target in view!
No target in view!
You now have 76 gold pieces (gained 9).
Found a stone staircase leading down.
You now have 91 gold pieces (gained 15).
c - 87 stones (gained 1)
o - a scroll labelled WETEGIOSIT A frilled lizard comes into view.
The frilled lizard hisses angrily.
A frilled lizard is nearby!
A frilled lizard is nearby!
You throw a stone.
The stone closely misses the frilled lizard.
You throw a stone. The stone misses the frilled lizard.
You throw a stone. The stone hits the frilled lizard.
You throw a stone.
The stone closely misses the frilled lizard.
You closely miss the frilled lizard. You hit the frilled lizard.
You kill the frilled lizard!
Trog accepts your kill.
You see here a frilled lizard corpse.
c - 84 stones (gained 1)
c - 85 stones (gained 1)
c - 86 stones (gained 1)
You now have 99 gold pieces (gained 8).
c - 87 stones (gained 1)
o - 4 scrolls labelled WETEGIOSIT (gained 3)
You see here a jackal corpse.
You see here a leather armour.
You open the door.
There is an open door here.
p - a grey potion
There is an open door here.
There is an open door here.
You see here a rapier.
Done exploring.
Done exploring.
Done exploring.
(D) Dungeon
Where to? (Enter - D:2, ? - help)
You see here a rapier.
There is a stone staircase leading down here.
You climb downwards.
An adder comes into view.
The adder hisses angrily.
Found a stone staircase leading down and a stone staircase leading up.
There is a stone staircase leading up here.
Spoiler Alert: The adder is fast and can poison!
You reach to attack!
You barely miss the adder. You hit the adder. The adder closely misses you.
You puncture the adder!
You kill the adder!
Trog accepts your kill.
Your Dodging skill increases to level 4!
No target in view!
No target in view!
An adder comes into view.
The adder hisses angrily.
Found an iron altar of Okawaru.
Spoiler Alert: The adder is fast and can poison!
An adder is nearby!
An adder is nearby!
An adder is nearby!
There is an iron altar of Okawaru here.
You hit the adder. The adder completely misses you.
You hit the adder but do no damage. The adder bites you.
Spoiler Alert: The adder is fast and can poison!
You hit the adder. The adder barely misses you.
You miss the adder. The adder closely misses you.
You puncture the adder!
You kill the adder!
Trog accepts your kill.
There is an iron altar of Okawaru, spattered with blood here.
You start resting.
You kneel at the altar of Okawaru.
You have lost your religion!
Trog does not appreciate desertion!
Okawaru welcomes you!

###
#.################
#.................
#.#######.....###
#.# #.#.#.#
#####.#### #..@..#
#........# #.#.#.#
#.###.##.#
#........
#.##.###..........
#>.....+..........#
#..#.#<#..........#
#..#.#.+....$.....+
....#.#.#..........
.... ..#..


There were no monsters in sight!

Vanquished Creatures
  A gnoll (D:1)
  3 adders
  A worm (D:2)
  A dart slug (D:1)
  2 giant cockroaches (D:1)
  5 goblins
  5 hobgoblins
  4 jackals (D:2)
  2 quokkas (D:2)
  3 bats
  2 frilled lizards (D:2)
  10 kobolds
  4 rats
43 creatures vanquished.

Notes
Turn   | Place    | Note
-------+----------+-------------------------------------------
     0 | D:1      | jackrogers the Merfolk Berserker began the quest for the
                  | Orb.
     0 | D:1      | Reached XP level 1. HP: 18/18 MP: 1/1
   332 | D:1      | Reached skill level 3 in Dodging
   332 | D:1      | Reached XP level 2. HP: 24/24 MP: 2/2
   360 | D:1      | Reached skill level 5 in Polearms
   744 | D:1      | Reached XP level 3. HP: 28/29 MP: 3/3
  1341 | D:2      | Reached ** piety under Trog
  1407 | D:2      | Reached skill level 6 in Polearms
  1551 | D:2      | Reached XP level 4. HP: 34/35 MP: 4/4
  1686 | D:2      | Found a shadowy altar of Dithmenos.
  1982 | D:3      | Reached skill level 4 in Dodging
  1996 | D:3      | Found an iron altar of Okawaru.
  2010 | D:3      | Fell from the grace of Trog
  2010 | D:3      | Became a worshipper of Warmaster Okawaru
  2011 | D:3      | Quit the game

Illustrated notes

Levels and vault maps discovered:
D:1:      matt_arrival_grand_opening, layout_loops_ring
D:2:      layout_basic, overflow_temple_1_default, minmay_pentomino_p2
D:3:      layout_basic, bloody_trog, okawaru_metal_pillars_1_2,
          hangedman_ru_absence, nemelex_xobeh_ov_fountains_minmay,
          chequers_serial_rivers_small_a, minmay_door_square

Skill      XL: |  1  2  3  4 |
---------------+-------------+-----
Dodging        | 3 4 |  4.0
Polearms       | 5 6 |  6.6
Fighting       | |  3.2
Armour         | |  1.3

Action                   |  1- 3 |  4- 6 || total
-------------------------+-------+-------++-------
Melee: Spear             |   150 |    34 ||   184
Throw: Stone             |     7 |    10 ||    17
  Use: Scroll            |     1 |       ||     1
Armor: Animal skin       |     6 |       ||     6
       Leather armour    |    21 |     2 ||    23
Dodge: Dodged            |   102 |    13 ||   115

Table legend: (Time is in decaauts)
 A = Elapsed time spent in this place.
 B = Non-inter-level travel time spent in this place.
 C = Inter-level travel time spent in this place.
 D = Time resting spent in this place.
 E = Time spent auto-exploring this place.
 F = Levels seen in this place.
 G = Mean time per level.
                   A        B        C        D        E       F      G
               +--------+--------+--------+--------+--------+-----+--------+
         Total |   1978 |   1909 |     69 |    377 |   1205 |   3 |  659.3 |
       Dungeon |   1978 |   1909 |     69 |    377 |   1205 |   3 |  659.3 |
               +--------+--------+--------+--------+--------+-----+--------+

Top non-repeatable levels by time:
     D:1: 1194 daAuts
     D:2: 751 daAuts
     D:3: 31 daAuts

Table legend:
 A = Kills in this place as a percentage of kills in entire the game.
 B = Kills by you in this place as a percentage of kills by you in the entire game.
 C = Kills by friends in this place as a percentage of kills by friends in the entire game.
 D = Other kills in this place as a percentage of other kills in the entire game.
 E = Experience gained in this place as a percentage of experience gained in the entire game.
 F = Experience gained in this place divided by the number of levels of this place that you have seen.
                   A       B       C       D       E      F
               +-------+-------+-------+-------+-------+----------------------
         Total | 100.0 | 100.0 |   N/A |   N/A | 100.0 |  40.7
       Dungeon | 100.0 | 100.0 |   N/A |   N/A | 100.0 |  40.7
               +-------+-------+-------+-------+-------+----------------------
